 Dungeon Crawl Stone Soup version 0.29-a0-352-g0917bc69df (webtiles) character file.

Game seed: 6033379165486313239

31 101zpm the Gusty (level 3, 0/25 HPs)
             Began as a Gnoll Air Elementalist on Apr 24, 2022.
             Succumbed to an adder's poison
             ... on level 2 of the Dungeon.
             The game lasted 00:01:44 (1205 turns).

101zpm the Gusty (Gnoll Air Elementalist)           Turns: 1205, Time: 00:01:45

Health: 0/25       AC:  2    Str:  7    XL:     3   Next: 22%
Magic:  3/9        EV: 10    Int: 16    God:
Gold:   48         SH:  0    Dex: 12    Spells: 11/12 levels left

rFire   . . .      SeeInvis .   (no weapon)
rCold   . . .      Faith    .   (no shield)
rNeg    . . .      Spirit   .   a - +0 robe
rPois   .          Reflect  .   (no helmet)
rElec   .          Harm     .   (no cloak)
rCorr   .          Rampage  .   (no gloves)
Will    .....                   (no boots)
Stlth   ++........              (no amulet)
HPRegen 0.08/turn               (no ring)
MPRegen 0.11/turn               (no ring)

@: lethally poisoned (0 -> -6), constricted
A: fangs 1, strong nose, distributed training
a: no special abilities


You were on level 2 of the Dungeon.
You visited 1 branch of the dungeon, and saw 2 of its levels.

You collected 48 gold pieces.

Inventory:

Armour
 a - a +0 robe (worn)
Jewellery
 l - a +6 ring of dexterity
Scrolls
 c - a scroll of amnesia {unknown}
 d - a scroll of blinking {unknown}
 e - a scroll of identify {unknown}
 k - 2 scrolls of noise {unknown}
Potions
 b - a potion of magic
 f - a potion of curing {unknown}
 g - a potion of haste {unknown}
 h - a potion of berserk rage {unknown}
 i - a potion of cancellation {unknown}
 j - a potion of mutation {unknown}


   Skills:
 + Level 0.7 Fighting
 + Level 0.7 Short Blades
 + Level 0.7 Long Blades
 + Level 0.7 Axes
 + Level 0.7 Maces & Flails
 + Level 0.7 Polearms
 + Level 0.7 Staves
 + Level 0.7 Slings
 + Level 0.7 Bows
 + Level 0.7 Crossbows
 + Level 0.7 Throwing
 + Level 0.7 Armour
 + Level 4.5 Dodging
 + Level 4.1 Stealth
 + Level 0.7 Shields
 + Level 0.7 Unarmed Combat
 + Level 5.0 Spellcasting
 + Level 2.1 Conjurations
 + Level 0.5 Hexes
 + Level 0.5 Summonings
 + Level 0.5 Necromancy
 + Level 0.5 Translocations
 + Level 0.5 Transmutations
 + Level 0.5 Fire Magic
 + Level 0.5 Ice Magic
 + Level 5.4 Air Magic
 + Level 0.5 Earth Magic
 + Level 0.5 Poison Magic
 + Level 0.9 Invocations
 + Level 0.7 Evocations


You had 11 spell levels left.
You knew the following spells:

 Your Spells              Type           Power      Damage    Failure   Level
a - Shock                 Conj/Air       64%        1d7       3%          1

Your spell library contained the following spells:

 Spells                   Type           Power      Damage    Failure   Level
 Static Discharge         Conj/Air       16%        N/A       4%          2
 Swiftness                Air            21%        N/A       4%          3
 Airstrike                Air            10%        N/A       16%         4
 Passage of Golubria      Tloc           5%         N/A       77%         4
 Borgnjor's Vile Clutch   Necr/Erth      2%         N/A       98%         5
 Disjunction              Tloc           2%         N/A       100%        8


Dungeon Overview and Level Annotations

Branches:
Dungeon (2/15)

Altars:


Innate Abilities, Weirdness & Mutations

You have very sharp teeth.
Your uncanny sense of smell can sniff out nearby items.
Your experience applies equally to all skills.


Message History

The adder barely misses you. The ball python closely misses you.
The ball python grabs you. The ball python constricts you.
You hit the adder but do no damage.
The adder is almost dead.
The adder bites you.
You are poisoned.
The adder poisons you! The ball python barely misses you.
The ball python constricts you. The adder barely misses you.
You hit the adder but do no damage. Your punch misses the adder.
Your bite misses the adder.
The adder is severely wounded.
You feel sick. The ball python barely misses you.
The ball python constricts you. The adder barely misses you.
The ball python bites you. The ball python constricts you.
You closely miss the adder.
The adder is severely wounded.
You feel sick. The adder bites you.
You are more poisoned.
The adder poisons you! The ball python closely misses you.
The ball python constricts you.
You miss the adder.
The adder is severely wounded.
You feel sick. The adder closely misses you. The ball python barely misses you.
The ball python constricts you.
You barely miss the adder.
The adder is severely wounded.
You feel sick. The adder bites you. The ball python bites you.
The ball python constricts you. The adder bites you.
* * * LOW HITPOINT WARNING * * *
You are more poisoned.
The adder poisons you!
You completely miss the adder. Your bite misses the adder.
The adder is severely wounded.
* * * LOW HITPOINT WARNING * * *
You feel sick.
The ball python bites you but does no damage.
The ball python constricts you. The adder closely misses you.
You closely miss the adder. You bite the adder, but do no damage.
The adder is severely wounded.
You die...

#.......<##†.....#
#.
#.....#..###.#####
#. #.....##.# #.#
#####. #.... #.#
.# #..... ..###
#.# .# #..... #
#.# .. #..... #.#
#..... ∆ ####.#
#..... #S@# #.....
#.....#S#
#.....#.....
.#.####.#
#.....#..†..
######.#.)#
#.....#.....
#.#.....#.#
#.....+.....
#..#.######
#.....#.....
#.######
#.....######
#.#....# #.....#
#......#####
#.....######


You could see an adder and a ball python.

Vanquished Creatures
  2 bats (D:1)
  4 endoplasms (D:1)
  3 goblins (D:1)
  2 hobgoblins
  5 kobolds
  A quokka (D:2)
  5 ball pythons
  3 frilled lizards
  4 rats
29 creatures vanquished.

Notes
Turn   | Place    | Note
-------+----------+-------------------------------------------
     0 | D:1      | 101zpm the Gnoll Air Elementalist began the quest for the
                  | Orb.
     0 | D:1      | Reached XP level 1. HP: 13/13 MP: 6/6
   191 | D:1      | Reached XP level 2. HP: 19/19 MP: 5/7
   287 | D:1      | Found a faded altar of an unknown god.
   968 | D:2      | Reached XP level 3. HP: 25/25 MP: 5/9
  1055 | D:2      | Reached skill level 5 in Spellcasting
  1157 | D:2      | Got the Collected Works on Displaced Stones
  1205 | D:2      | Succumbed to an adder's poison

Illustrated notes

Levels and vault maps discovered:
D:1:      dpeg_arrival_rooms_c, layout_loops_ring,
          shapermc_ecumenical_altar_acropolis
D:2:      minmay_angry_zag, layout_basic

Skill      XL: |  1  2  3 |
---------------+----------+-----
Conjurations   | 2 |  2.1
Spellcasting   | 5 |  5.0
Fighting       | |  0.7
Short Blades   | |  0.7
Long Blades    | |  0.7
Axes           | |  0.7
Maces & Flails | |  0.7
Polearms       | |  0.7
Staves         | |  0.7
Slings         | |  0.7
Bows           | |  0.7
Crossbows      | |  0.7
Throwing       | |  0.7
Armour         | |  0.7
Dodging        | |  4.5
Stealth        | |  4.1
Shields        | |  0.7
Unarmed Combat | |  0.7
Hexes          | |  0.5
Summonings     | |  0.5
Necromancy     | |  0.5
Translocations | |  0.5
Transmutations | |  0.5
Fire Magic     | |  0.5
Ice Magic      | |  0.5
Air Magic      | |  5.4
Earth Magic    | |  0.5
Poison Magic   | |  0.5
Invocations    | |  0.9
Evocations     | |  0.7

Action                   || total
-------------------------++-------
Melee: Unarmed           ||    10
       Bite              ||     1
 Cast: Shock             ||    54
Armor: Robe              ||     1
Dodge: Dodged            ||    12

Table legend: (Time is in decaauts)
 A = Elapsed time spent in this place.
 B = Non-inter-level travel time spent in this place.
 C = Inter-level travel time spent in this place.
 D = Time resting spent in this place.
 E = Time spent auto-exploring this place.
 F = Levels seen in this place.
 G = Mean time per level.
                   A        B        C        D        E       F      G
               +--------+--------+--------+--------+--------+-----+--------+
         Total |   1204 |   1187 |     17 |      0 |   1067 |   2 |  602.0 |
       Dungeon |   1204 |   1187 |     17 |      0 |   1067 |   2 |  602.0 |
               +--------+--------+--------+--------+--------+-----+--------+

Top non-repeatable levels by time:
     D:1: 959 daAuts
     D:2: 245 daAuts
